 Dungeon Crawl Stone Soup version 0.31-a0-750-gfe7b580527 (webtiles) character file.

Game seed: 2308625384150574870

516 benadryl the Vexing (level 7, -1/36 HPs)
             Began as a Vine Stalker Enchanter on Sept 14, 2023.
             Slain by a sleepcap (5 damage)
             ... on level 4 of the Dungeon.
             The game lasted 00:10:28 (3545 turns).

benadryl the Vexing (Vine Stalker Enchanter)        Turns: 3545, Time: 00:10:28

Health: -1/36      AC:  4    Str: 11    XL:     7   Next: 20%
Magic:  0/11       EV: 12    Int: 15    God:
Gold:   184        SH:  0    Dex: 16    Spells: 5/11 levels left

rFire   + . .        j - +0 dagger (freeze)
rCold   + . .        (no shield)
rNeg    . . .        l - +1 robe {rC+}
rPois   .            f - +0 helmet
rElec   .            (no cloak)
rCorr   .            (no gloves)
SInv    .            (no boots)
Will    .....        (no amulet)
Stlth   +++          n - ring of protection from fire
HPRegen 1.06/turn    (no ring)
MPRegen 0.12/turn

%: guardian spirit
@: lethally poisoned (-1 -> -4)
A: fangs 2, regeneration 1, magic shield, antimagic bite, no potion heal 2
a: no special abilities


You were on level 4 of the Dungeon.
You visited 1 branch of the dungeon, and saw 5 of its levels.

You collected 184 gold pieces.

Inventory:

Hand Weapons
 a - a +1 dagger
 d - a +2 short sword of protection
 e - a +1 dagger of draining
 g - a +1 dagger of flaming
 j - a +0 dagger of freezing (weapon)
Armour
 b - a +0 robe
 f - a +0 helmet (worn)
 l - a +1 robe of cold resistance (worn)
Jewellery
 n - a ring of protection from fire (left hand)
 p - a ring of protection from cold
Scrolls
 h - a scroll of noise
 i - 3 scrolls of amnesia
Potions
 k - 3 potions of enlightenment
 m - a potion of brilliance {unknown}
 o - 3 potions of curing {@q1}


   Skills:
 * Level 3.5 Fighting
 - Level 2.0 Short Blades
 - Level 1.5 Dodging
 + Level 5.2 Stealth
 - Level 2.5 Spellcasting
 - Level 5.5 Hexes


You had 5 spell levels left.
You knew the following spells:

 Your Spells              Type           Power      Damage    Failure   Level
a - Confusing Touch       Hex            18%        N/A       6%          3
b - Tukima's Dance        Hex            18%        N/A       6%          3

Your spell library contained the following spells:

 Spells                   Type           Power      Damage    Failure   Level
 Ensorcelled Hibernation  Hex/Ice        20%        N/A       10%         2
 Dazzling Flash           Conj/Hex       20%        N/A       21%         3
 Freeze                   Ice            4%         1d3       22%         1
 Magic Dart               Conj           4%         1d3       22%         1
 Call Imp                 Summ           2%         N/A       32%         2
 Frozen Ramparts          Ice            2%         1d1       54%         3
 Hailstorm                Conj/Ice       1%         3d3       54%         3
 Mephitic Cloud           Conj/Pois/Air  1%         N/A       54%         3
 Vhi's Electric Charge    Tloc/Air       2%         N/A       91%         4
 Arcjolt                  Conj/Air       0%         1d10      99%         5
 Plasma Beam              Fire/Air       0%         2x1d10    100%        6


Dungeon Overview and Level Annotations

Branches:
Dungeon (5/15)
 Temple: D:4-7

Altars:
Cheibriados
Kikubaaqudgha
Okawaru
Ru

Annotations:
D:4 1 runed translucent door, Crazy Yiuf


Innate Abilities, Weirdness & Mutations

You have extremely sharp teeth.
Your natural rate of healing is unusually fast.
When hurt, damage is shared between your health and your magic reserves.
Your bite disrupts and absorbs the magic of your enemies.
Potions cannot restore your health.


Message History

The sleepcap closely misses you. The water moccasin bites you.
You are more poisoned.
The water moccasin poisons you!
You hit the water moccasin but do no damage.
Your bite misses the water moccasin.
You feel very sick. The water moccasin bites you.
The sleepcap closely misses you.
You closely miss the water moccasin.
You feel very sick. The water moccasin closely misses you.
The sleepcap releases spores at you but does no damage.
Your system rejects the healing.
You feel better.
The water moccasin misses you. x2; The sleepcap closely misses you.
The water moccasin misses you. The sleepcap closely misses you.
You climb upwards.
Level annotation: 1 runed translucent door, Crazy Yiuf
There is a stone staircase leading down here.
Okay, then.
Okay, then.
You closely miss the water moccasin. Your bite misses the water moccasin.
The water moccasin barely misses you. The sleepcap releases spores at you!
You are engulfed in a cloud of soporific spores!
You fall asleep.
The water moccasin barely misses you. The water moccasin bites you!
You wake up.
* * * LOW HITPOINT WARNING * * *
You are poisoned.
The water moccasin poisons you!
The sleepcap releases spores at you but does no damage.
You closely miss the water moccasin.
Your hands stop glowing.
* * * LOW HITPOINT WARNING * * *
You feel very sick. The water moccasin misses you.
The sleepcap closely misses you.
You hit the water moccasin but do no damage.
* * * LOW HITPOINT WARNING * * *
You feel sick.
The water moccasin bites you but does no damage.
The sleepcap releases spores at you!
You die...

.))..###........#.####...######..
......##...........##...## ###..
...................##..## #....
.......#########.####.#######.#..
.......# #..#...........#..
.......#### #....#.##########.
..........# #......# ##
......###.#### #.#.#..# # .....##
#....###@..#..# #.####
####...S.f##..# #.#
#####.###<####.# #.# #......##.#
##.## # #<# ###.####.#.####...# #
#.# #...# #.#.#≈≈≈≈~~##########
#.####[### #...####...##....[...
.......# ##...######...#######
.......## ##.........###


You could see a water moccasin and a sleepcap.

Vanquished Creatures
  A black bear (D:4)
  A phantom (D:4)
  A hound (D:4)
  An orc priest (D:3)
  Terence (D:2)
  An iguana (D:4)
  2 orc wizards (D:3)
  3 adders
  4 gnolls (D:4)
  3 worms
  2 dart slugs
  9 orcs
  7 bats
  3 endoplasms
  3 giant cockroaches
  5 goblins
  8 hobgoblins
  6 jackals
  7 quokkas
  5 ball pythons
  3 frilled lizards
  7 kobolds
  5 rats
88 creatures vanquished.

Vanquished Creatures (collateral kills)
  An orc priest (D:4)
  2 orcs (D:4)
3 creatures vanquished.

Vanquished Creatures (others)
  3 dancing weapons (D:4)
3 creatures vanquished.

Grand Total: 94 creatures vanquished

Notes
Turn   | Place    | Note
-------+----------+-------------------------------------------
     0 | D:1      | benadryl the Vine Stalker Enchanter began the quest for the
                  | Orb.
     0 | D:1      | Reached XP level 1. HP: 9/9 MP: 4/4
    51 | D:1      | Reached skill level 1 in Short Blades
   216 | D:1      | Reached XP level 2. HP: 14/14 MP: 6/6
   846 | D:2      | Noticed Terence
   865 | D:2      | Killed Terence
   866 | D:2      | Reached skill level 1 in Fighting
   866 | D:2      | Reached XP level 3. HP: 15/18 MP: 5/7
  1115 | D:2      | Reached XP level 4. HP: 23/23 MP: 6/8
  1848 | D:3      | Reached XP level 5. HP: 26/26 MP: 9/9
  1905 | D:3      | Learned a level 3 spell: Confusing Touch
  2307 | D:4      | Noticed a black bear
  2315 | D:4      | Killed a black bear
  2316 | D:4      | Reached skill level 5 in Hexes
  2316 | D:4      | Reached XP level 6. HP: 26/30 MP: 8/10
  2354 | D:4      | Learned a level 3 spell: Tukima's Dance
  2456 | D:4      | Found an ancient bone altar of Kikubaaqudgha.
  2457 | D:4      | Found a snail-covered altar of Cheibriados.
  2457 | D:4      | Found an iron altar of Okawaru.
  2505 | D:4      | Found a runed translucent door.
  2506 | D:4      | Noticed Crazy Yiuf
  2547 | D:4      | Found a sacrificial altar of Ru.
  2873 | D:4      | Reached XP level 7. HP: 26/36 MP: 7/11
  2974 | D:4      | Reached skill level 5 in Stealth
  3529 | D:5      | Entered Level 5 of the Dungeon
  3545 | D:4      | Slain by a sleepcap

Illustrated notes

Levels and vault maps discovered:
D:1:      dpeg_arrival_round_b, layout_loops_ring, nicolae_eternal_life
D:2:      minmay_general_purpose_star, layout_loops_ring, minmay_misc_feat_chi,
          uniq_terence
D:3:      layout_loops_cross, kennysheep_generic_room_5
D:4:      layout_rooms, mainiacjoe_overflow_cross_hatched,
          chequers_temple_overflow_statue_of_worship, serial_rivers,
          chequers_serial_rivers_micro_c, chequers_serial_rivers_micro_a,
          chequers_serial_rivers_micro_b, chequers_serial_rivers_small_b,
          chequers_serial_rivers_room_a, uniq_crazy_yiuf_cottage
D:5:      cheibrodos_helix_gallery, layout_rooms, lemuel_doored_altar,
          serial_shops, nicolae_shop_stone

Skill      XL: |  1  2  3  4  5  6  7 |
---------------+----------------------+-----
Short Blades   | 1 2 |  2.0
Stealth        | 4 5 |  5.2
Fighting       | 1 2 3 |  3.5
Hexes          | 4 5 |  5.5
Dodging        | |  1.5
Spellcasting   | |  2.5

Action                     |  1- 3 |  4- 6 |  7- 9 || total
---------------------------+-------+-------+-------++-------
  Melee: Dagger            |    93 |   201 |    43 ||   337
         Bite              |    19 |    60 |     8 ||    87
         Punch             |     2 |     2 |     1 ||     5
   Cast: Confusing Touch   |       |     3 |     3 ||     6
         Tukima's Dance    |       |     3 |       ||     3
    Use: Potion            |     2 |     2 |     1 ||     5
         Scroll            |       |     5 |     2 ||     7
   Stab: Sleeping          |     6 |     9 |       ||    15
         Invisible         |     4 |       |       ||     4
         Confused          |       |     2 |     2 ||     4
 Armour: Robe              |    42 |    99 |    24 ||   165
  Dodge: Dodged            |    48 |   108 |    35 ||   191

Table legend: (Time is in decaauts)
 A = Elapsed time spent in this place.
 B = Non-inter-level travel time spent in this place.
 C = Inter-level travel time spent in this place.
 D = Time resting spent in this place.
 E = Time spent auto-exploring this place.
 F = Levels seen in this place.
 G = Mean time per level.
                   A        B        C        D        E       F      G
               +--------+--------+--------+--------+--------+-----+--------+
         Total |   3495 |   3373 |    122 |    337 |   2071 |   5 |  699.0 |
       Dungeon |   3495 |   3373 |    122 |    337 |   2071 |   5 |  699.0 |
               +--------+--------+--------+--------+--------+-----+--------+

Top non-repeatable levels by time:
     D:4: 1250 daAuts
     D:1: 799 daAuts
     D:2: 760 daAuts
     D:3: 674 daAuts
     D:5: 11 daAuts
